 Dungeon Crawl Stone Soup version 0.27-a0-1140-g099f9bb0e8 (webtiles) character file.

Game seed: 16288189038631918942

455 jasper the Skirmisher (level 6, 0/48 HPs)
             Began as a Demonspawn Wanderer on May 8, 2021.
             Was an Initiate of Cheibriados.
             Slain by an orc
             ... wielding a +0 dagger
              (1 damage)
             ... on level 5 of the Dungeon.
             The game lasted 00:06:19 (5698 turns).

jasper the Skirmisher (Demonspawn Wanderer)         Turns: 5698, Time: 00:06:20

Health: 0/48       AC:  6    Str: 14    XL:     6   Next: 76%
Magic:  7/7        EV: 11    Int: 15    God:    Cheibriados [......]
Gold:   237        SH:  0    Dex: 14    Spells: 2/7 levels left

rFire    . . .     SeeInvis .   o - +3 flail (drain)
rCold    . . .     Faith    .   (no shield)
rNeg     . . .     Spirit   .   l - +0 ring mail
rPois    .         Reflect  .   (helmet restricted)
rElec    .         Harm     .   (no cloak)
rCorr    .         Rampage  .   q - +0 pair of gloves
Will     .....                  (no boots)
Stlth    ..........             (no amulet)
HPRegen  0.16/turn              (no ring)
MPRegen  0.10/turn              (no ring)

@: confused, mighty, lethally poisoned (0 -> -2), very slow
A: antennae 2, powered by pain 1
a: Renounce Religion, Bend Time


You were on level 5 of the Dungeon.
You worshipped Cheibriados.
Cheibriados was noncommittal.
You visited 1 branch of the dungeon, and saw 5 of its levels.

You collected 237 gold pieces.

Inventory:

Hand Weapons
 a - a +0 club
 k - a +1 short sword
 o - a +3 flail of draining (weapon)
Missiles
 e - 6 poisoned darts (quivered)
 g - 2 curare-tipped darts
Armour
 d - a +0 robe
 f - a +0 chain mail
 l - a +0 ring mail (worn)
 q - a +0 pair of gloves (worn)
Jewellery
 t - a +6 ring of dexterity
Scrolls
 b - a scroll of fear
 c - 3 scrolls of teleportation
 p - a scroll of amnesia
Potions
 h - a potion of flight
 m - a potion of attraction {unknown}
 n - 2 potions of heal wounds {unknown}
 s - a potion of mutation {unknown}


   Skills:
 - Level 4.1 Fighting
 + Level 3.0 Maces & Flails
 - Level 2.4 Armour
 - Level 2.4 Dodging
 - Level 1.0 Stealth
 - Level 1.0 Spellcasting
 - Level 4.0 Conjurations
 - Level 1.0 Air Magic
 - Level 2.0 Poison Magic
 - Level 1.0 Evocations


You had 2 spell levels left.
You knew the following spells:

 Your Spells              Type           Power      Damage    Failure   Level
a - Beastly Appendage     Tmut           0%         N/A       43%         1
b - Olgreb's Toxic Radia  Pois           6%         N/A       91%         4

Your spell library contained the following spells:

 Spells                   Type           Power      Damage    Failure   Level
 Sting                    Tmut/Pois      12%        1d3       32%         1
 Poisonous Vapours        Pois/Air       10%        N/A       36%         2
 Summon Small Mammal      Summ           0%         N/A       43%         1
 Call Imp                 Summ           0%         N/A       58%         2
 Mephitic Cloud           Conj/Pois/Air  7%         N/A       50%         3
 Spider Form              Tmut/Pois      1%         N/A       67%         3
 Ignite Poison            Fire/Tmut/Pois 2%         N/A       75%         3
 Call Canine Familiar     Summ           0%         N/A       82%         3
 Summon Guardian Golem    Hex/Summ       0%         N/A       82%         3
 Summon Lightning Spire   Summ/Air       2%         N/A       98%         4
 Summon Ice Beast         Ice/Summ       0%         N/A       99%         4


Dungeon Overview and Level Annotations

Branches:
Dungeon (5/15)
 Temple: D:4-7

Altars:
Cheibriados
Dithmenos
Xom

Shops:
D:2 ?


Innate Abilities, Weirdness & Mutations

You have a pair of antennae on your head.
You sometimes gain a little power by taking damage.


Message History

You take 19 damage, and have 7/48 hp.
MASSIVE DAMAGE!!
You feel better.
The orc priest hits you with a +0 dagger.
* * * LOW HITPOINT WARNING * * *
Something hits you but does no damage. The orc hits you but does no damage.
The orc wizard hits you with a +0 dagger of venom.
* * * LOW HITPOINT WARNING * * *
You are poisoned.
You hear some strange, mumbled words.
A magic dart appears from out of thin air!
The magic dart hits you.
* * * LOW HITPOINT WARNING * * *
You thump the orc wizard! You drain the orc wizard.
The orc wizard is almost dead.
* * * LOW HITPOINT WARNING * * *
You feel very sick.
The orc priest hits you but does no damage.
The orc hits you but does no damage.
The orc wizard hits you with a +0 dagger of venom.
* * * LOW HITPOINT WARNING * * *
You hear some strange, mumbled words.
Something tries to affect you, but you resist.
The orc priest closely misses you.
You take 3 damage, and have 5/48 hp.
You hit the orc wizard.
You kill the orc wizard!
Cheibriados appreciates the change of pace.
* * * LOW HITPOINT WARNING * * *
You feel sick. The orc completely misses you. Something hits you.
* * * LOW HITPOINT WARNING * * *
The orc priest misses you.
Your Maces & Flails skill increases to level 3!
You take 2 damage, and have 3/48 hp.
You barely miss the orc priest.
* * * LOW HITPOINT WARNING * * *
You feel sick.
You hear some strange, mumbled words.
You are confused.
The orc hits you with a +0 dagger.
You die...

...... .
....... .#
.....## ####.##
.....##.......
#...........#
##........>..
#....{o......
#....@)......
##.###o#.....
##..#### ... #
##.....# #
#..###......#
##..........#..
.......<.......
.............##
...#..........#


You could see an orc priest and an orc.

Vanquished Creatures
  Edmund (D:4)
  A necrophage (D:4)
  A hound (D:4)
  An orc priest (D:3)
  An iguana (D:3)
  2 orc wizards
  4 adders
  6 dart slugs
  4 orcs (D:3)
  8 endoplasms
  2 giant cockroaches
  6 goblins
  11 hobgoblins
  7 jackals
  2 quokkas
  2 ball pythons (D:1)
  7 bats
  4 frilled lizards
  6 kobolds
  4 rats
80 creatures vanquished.

Notes
Turn   | Place    | Note
-------+----------+-------------------------------------------
     0 | D:1      | jasper the Demonspawn Wanderer began the quest for the Orb.
     0 | D:1      | jasper set off with the following items: a +0 club, a
                  | scroll of teleportation, a +0 robe; and the following
                  | spells available to memorise: Sting, Poisonous Vapours,
                  | Beastly Appendage, Mephitic Cloud, Spider Form, Ignite
                  | Poison, Olgreb's Toxic Radiance
     0 | D:1      | Reached XP level 1. HP: 13/13 MP: 2/2
     2 | D:1      | Learned a level 1 spell: Beastly Appendage
   675 | D:1      | Reached skill level 1 in Fighting
   675 | D:1      | Gained mutation: You have a pair of small antennae on your
                  | head. [demonic ancestry]
   675 | D:1      | Reached XP level 2. HP: 4/21 MP: 3/3
  1917 | D:1      | Reached skill level 1 in Armour
  1917 | D:1      | Reached skill level 1 in Dodging
  1972 | D:1      | Gained mutation: You sometimes gain a little power by
                  | taking damage. [demonic ancestry]
  1972 | D:1      | Reached XP level 3. HP: 25/27 MP: 4/4
  2384 | D:2      | Found a faded altar of an unknown god.
  2821 | D:2      | Found Ocawk's Magic Scroll Emporium.
  3257 | D:3      | Gained mutation: You have a pair of antennae on your head.
                  | [demonic ancestry]
  3257 | D:3      | Reached XP level 4. HP: 34/34 MP: 5/5
  3903 | D:3      | Reached XP level 5. HP: 41/41 MP: 6/6
  4474 | D:4      | Found a shadowy altar of Dithmenos.
  4744 | D:4      | Noticed Edmund
  4757 | D:4      | Killed Edmund
  4758 | D:4      | Reached XP level 6. HP: 36/48 MP: 7/7
  5121 | D:4      | Found a snail-covered altar of Cheibriados.
  5129 | D:4      | Became a worshipper of Cheibriados the Contemplative
  5628 | D:4      | Found a shimmering altar of Xom.
  5655 | D:4      | Learned a level 4 spell: Olgreb's Toxic Radiance
  5674 | D:5      | Entered Level 5 of the Dungeon
  5698 | D:5      | HP: 1/48 [poisoned by an orc wizard]
  5698 | D:5      | Slain by an orc

Illustrated notes

Levels and vault maps discovered:
D:1:      psy_arrival_radial01, layout_basic, st_stairs_14,
          grunt_decor_resistance, minmay_surrounded
D:2:      layout_rooms, hellmonk_ecumenical_altar_pennies_from_heaven,
          serial_shops, shop_fountains, st_stairs_5
D:3:      layout_loops_corners, wad_rectangle_vault
D:4:      layout_gridville, kennysheep_slug_shrine, grunt_dithmenos_smoke,
          kennysheep_mini, kennysheep_generic_room_3, uniq_edmund
D:5:      layout_cave_pools

Skill      XL: |  1  2  3  4  5  6 |
---------------+-------------------+-----
Fighting       | 1 2 3 4 |  4.1
Armour         | 1 2 |  2.4
Dodging        | 1 2 |  2.4
Maces & Flails | 3 |  3.0
Stealth        | |  1.0
Spellcasting   | |  1.0
Conjurations   | |  4.0
Air Magic      | |  1.0
Poison Magic   | |  2.0
Evocations     | |  1.0

Action                   |  1- 3 |  4- 6 || total
-------------------------+-------+-------++-------
Melee: Club              |   104 |       ||   104
       Short sword       |    35 |    93 ||   128
       Flail             |       |    46 ||    46
Throw: Dart              |    78 |    34 ||   112
  Use: Scroll            |     4 |     3 ||     7
       Potion            |     3 |     5 ||     8
 Stab: Sleeping          |     1 |       ||     1
Armor: Robe              |     8 |       ||     8
       Chain mail        |    58 |       ||    58
       Ring mail         |     3 |    45 ||    48
Dodge: Dodged            |    53 |    96 ||   149

Table legend: (Time is in decaauts)
 A = Elapsed time spent in this place.
 B = Non-inter-level travel time spent in this place.
 C = Inter-level travel time spent in this place.
 D = Time resting spent in this place.
 E = Time spent auto-exploring this place.
 F = Levels seen in this place.
 G = Mean time per level.
                   A        B        C        D        E       F      G
               +--------+--------+--------+--------+--------+-----+--------+
         Total |   5896 |   5817 |     79 |    606 |   4372 |   5 | 1179.2 |
       Dungeon |   5896 |   5817 |     79 |    606 |   4372 |   5 | 1179.2 |
               +--------+--------+--------+--------+--------+-----+--------+

Top non-repeatable levels by time:
     D:1: 2240 daAuts
     D:3: 1837 daAuts
     D:4: 1078 daAuts
     D:2: 710 daAuts
     D:5: 29 daAuts
